 Dungeon Crawl Stone Soup version 0.25-a0-404-gc1b5a34292 (webtiles) character file.

Game seed: 16351673265206814505, levelgen mode: deterministic

6294 DerDa the Ducker (level 10, 0/79 HPs)
             Began as a Gnoll Wanderer on Jan 10, 2020.
             Was a Priest of Okawaru.
             Slain by a wight
             ... wielding a +1 trident of protection
              (5 damage)
             ... on level 11 of the Dungeon.
             The game lasted 00:34:47 (12059 turns).

DerDa the Ducker (Gnoll Wanderer)                  Turns: 12059, Time: 00:34:48

Health: 0/79       AC: 15    Str: 13    XL:     10   Next: 94%
Magic:  18/18      EV: 14    Int: 19    God:    Okawaru [***...]
Gold:   728        SH:  9    Dex: 15    Spells: 20/20 levels left

rFire    . . .     SeeInvis .   S - +4 scimitar (freeze)
rCold    . . .     Gourm    +   O - +0 shield
rNeg     . . .     Faith    .   r - +3 leather armour
rPois    .         Spirit   .   u - +0 helmet
rElec    .         Reflect  .   (no cloak)
rCorr    +         Harm     .   E - +0 pair of gloves
MR       .....                  I - +0 pair of boots
Stlth    +++.......             T - amulet of the gourmand
HPRegen  0.23/turn              i - ring of resist corrosion
MPRegen  0.16/turn              H - +5 ring of protection

@: drained
A: distributed training, fangs 1, strong nose
a: Heroism, Renounce Religion


You were on level 11 of the Dungeon.
You worshipped Okawaru.
Okawaru was most pleased with you.
You were very hungry.

You visited 2 branches of the dungeon, and saw 12 of its levels.
You also visited: Ossuary.

You collected 728 gold pieces.

Inventory:

Hand Weapons
 a - a +0 long sword
 p - a +0 hunting sling
 q - a +2 spear of freezing
 A - a +0 spear of flaming
 S - a +4 scimitar of freezing (weapon)
Missiles
 n - 354 stones
 w - 54 sling bullets
 y - 22 boomerangs
 C - 69 bolts
 D - 5 poisoned darts (quivered)
Armour
 j - a +2 robe of magic resistance
 r - a +3 leather armour (worn)
 u - a +0 helmet (worn)
 E - a +0 pair of gloves (worn)
 I - a +0 pair of boots (worn)
 O - a +0 shield (worn)
Jewellery
 g - an uncursed amulet of rage
 h - an uncursed ring of protection from cold
 i - a ring of resist corrosion (left hand)
 t - an uncursed amulet of faith
 H - a +5 ring of protection (right hand)
 M - an uncursed ring of protection from fire
 T - an amulet of the gourmand (around neck)
Wands
 N - a wand of iceblast (8)
 Q - a wand of paralysis (5)
Scrolls
 b - a scroll of enchant weapon
 c - 2 scrolls of fog
 o - 5 scrolls of teleportation
 v - 2 scrolls of amnesia
 z - 6 scrolls of enchant armour
 B - 2 scrolls of random uselessness
 F - a scroll of brand weapon
 K - 4 scrolls of remove curse
 R - a scroll of torment
 V - a scroll of blinking
Potions
 e - 4 potions of cancellation
 f - a potion of flight
 k - 3 potions of mutation
 l - 3 potions of agility
 m - 6 potions of curing
 s - 5 potions of heal wounds
 x - a potion of lignification
 G - 4 potions of haste {unknown}
 J - 2 potions of brilliance {unknown}
 L - 3 potions of degeneration {unknown}
 P - a potion of magic {unknown}
Miscellaneous
 U - a phantom mirror
 W - a fan of gales
Comestibles
 d - 18 rations


   Skills:
 + Level 7.3(6.6) Fighting
 + Level 5.6(4.9) Short Blades
 + Level 5.6(4.9) Long Blades
 + Level 5.6(4.9) Axes
 + Level 5.6(4.9) Maces & Flails
 + Level 5.6(4.9) Polearms
 + Level 7.3(6.6) Staves
 + Level 5.6(4.9) Slings
 + Level 5.6(4.9) Bows
 + Level 5.6(4.9) Crossbows
 + Level 7.3(6.6) Throwing
 + Level 7.3(6.6) Armour
 + Level 7.3(6.6) Dodging
 + Level 5.6(4.9) Stealth
 + Level 5.6(4.9) Shields
 + Level 5.6(4.9) Unarmed Combat
 + Level 5.6(4.9) Spellcasting
 + Level 4.6(3.9) Conjurations
 + Level 4.6(3.9) Hexes
 + Level 4.6(3.9) Charms
 + Level 4.6(3.9) Summonings
 + Level 4.6(3.9) Necromancy
 + Level 4.6(3.9) Translocations
 + Level 4.6(3.9) Transmutations
 + Level 4.6(3.9) Fire Magic
 + Level 4.6(3.9) Ice Magic
 + Level 4.6(3.9) Air Magic
 + Level 4.6(3.9) Earth Magic
 + Level 4.6(3.9) Poison Magic
 + Level 6.2(5.4) Invocations
 + Level 5.6(4.9) Evocations


You had 20 spell levels left.
You didn't know any spells.
Your spell library contained the following spells:

 Spells                   Type           Power        Failure   Level  Hunger
 Beastly Appendage        Tmut           ###...       11%         1    None
 Freeze                   Ice            ###.         11%         1    None
 Sticks to Snakes         Tmut           ###.....     17%         2    #......
 Ozocubu's Armour         Chrm/Ice       ###.....     32%         3    ##.....
 Spider Form              Tmut/Pois      ###.......   32%         3    ##.....
 Hailstorm                Conj/Ice       ###.....     73%         4    ####...
 Ice Form                 Ice/Tmut       ###.....     73%         4    ####...
 Summon Ice Beast         Ice/Summ       ###.....     73%         4    ####...
 Blade Hands              Tmut           ###.......   97%         5    ######.


Dungeon Overview and Level Annotations

Branches:
Dungeon (11/15)            Temple (1/1) D:7            Lair (0/6) D:9
Ossuary (visited)
    Orc: D:9-12

Altars:
Ashenzari
Dithmenos
Elyvilon
Fedhas
Gozag
Hepliaklqana
Kikubaaqudgha
Makhleb
Nemelex Xobeh
Okawaru
Qazlal
Ru
Sif Muna
Trog
Uskayaw
Vehumet
Wu Jian
Xom
Yredelemnul
Zin
The Shining One
Jiyva

Portals:
Bailey: D:11


Innate Abilities, Weirdness & Mutations

Your experience applies equally to all skills.
You have very sharp teeth.
Your uncanny sense of smell can sniff out nearby items.


Message History

You destroy the wight!
Okawaru accepts your kill. You block something's attack. Something hits you.
The wight hits you but does no damage.
You miss something.
Something hits you but does no damage. x2
The wight misses you. Something hits you but does no damage.
You hit something but do no damage. Your bite misses something.
Something hits you but does no damage. Something hits you.
The wight misses you. Something hits you but does no damage.
You closely miss something. Something hits you but does no damage.
Something hits you! The wight closely misses you.
You hit something. You freeze something. Something hits you!
* * * LOW HITPOINT WARNING * * *
Something hits you but does no damage. Something hits you.
* * * LOW HITPOINT WARNING * * *
You block the wight's attack. Something hits you!
* * * LOW HITPOINT WARNING * * *
You hit something. You freeze something. You block something's attack.
The wight hits you from afar with a +1 trident of protection.
You die...

###******** ######***####
#..,,,,,,,*
***#....!,,,,..#
#.#******,*
*,,......#***#.# #.# *,*
*,*#......####.###.#####
*,*
**,*#...)...)...........#
*,*
*,,,...)∩)...##.###.###.#
*,* *,,*#...).....#@# #.#
#.# *,* *,,*#.......z##)#
#.###.###.#***
*,,,..........z.#
#.........#,,,
*,**#....##.#####
#####.#####.#* *,*
#####*#.# #.# #.##
*,***** *#+#* #.# #.#.
*,,,,>* **,,,** #.# #.#.
*,***,***∆,,,,** ###.#
#.#. **,,,*,**,,,,,,,**
##.#5# #.#.


You could see a wight.

Vanquished Creatures
  A two-headed ogre (D:8)
  Prince Ribbit (D:5)
  A troll (D:10)
  3 hippogriffs
  A yak (D:8)
  A hungry ghost (D:8)
  Menkaure (D:5)
  An ice beast (D:10)
  2 sky beasts
  4 orc warriors
  A black bear (D:5)
  4 ogres
  A necrophage (D:10)
  A centaur (D:7)
  A gnoll sergeant (D:8)
  7 bullfrogs
  2 wyvern skeletons
  A scorpion (D:7)
  10 wights (D:11)
  3 howler monkeys
  A bullfrog zombie (D:7)
  3 crimson imps
  A centaur zombie (D:11)
  A hound (D:5)
  4 jellies
  14 orc wizards
  A bullfrog skeleton (D:6)
  8 orc priests
  A gnoll shaman (D:5)
  4 iguanas
  9 worker ants
  A hound zombie (D:6)
  2 hound skeletons
  4 mummies (Ossuary)
  Robin (D:3)
  2 worker ant zombies
  4 gnolls (D:4)
  11 adders
  4 oozes
  An adder zombie (D:6)
  7 worms
  8 leopard geckos
  45 orcs
  8 giant cockroaches
  5 gnoll zombies (Ossuary)
  11 goblins
  14 hobgoblins
  14 jackals
  5 quokkas
  4 ball pythons
  6 bats
  8 frilled lizards
  3 gnoll skeletons (Ossuary)
  6 goblin skeletons (Ossuary)
  3 goblin zombies (Ossuary)
  4 hobgoblin skeletons (Ossuary)
  3 hobgoblin zombies (Ossuary)
  13 kobolds
  2 kobold skeletons (Ossuary)
  6 kobold zombies (Ossuary)
  6 orc skeletons (Ossuary)
  2 orc zombies (Ossuary)
  A quokka skeleton (D:5)
  A quokka zombie (D:8)
  8 rats
  4 rat skeletons (Ossuary)
  5 rat zombies (Ossuary)
326 creatures vanquished.

Vanquished Creatures (collateral kills)
  A big kobold (D:8)
  A crimson imp (D:8)
  4 gnolls (D:8)
  A kobold (D:8)
7 creatures vanquished.

Vanquished Creatures (others)
  A rat zombie (Ossuary)
1 creature vanquished.

Grand Total: 334 creatures vanquished

Notes
Turn   | Place    | Note
-------+----------+-------------------------------------------
     0 | D:1      | DerDa the Gnoll Wanderer began the quest for the Orb.
     0 | D:1      | DerDa set off with the following items: a +0 quarterstaff,
                  | a +0 ring mail, a +2 leather armour, a ration
     0 | D:1      | Reached XP level 1. HP: 20/20 MP: 1/1
   139 | D:1      | Reached XP level 2. HP: 25/26 MP: 2/2
   522 | D:2      | Reached XP level 3. HP: 31/31 MP: 3/3
   652 | D:2      | Reached skill level 1 in Invocations
   917 | D:2      | Reached skill level 1 in Short Blades
   917 | D:2      | Reached skill level 1 in Long Blades
   917 | D:2      | Reached skill level 1 in Axes
   917 | D:2      | Reached skill level 1 in Maces & Flails
   917 | D:2      | Reached skill level 1 in Polearms
   917 | D:2      | Reached skill level 1 in Slings
   917 | D:2      | Reached skill level 1 in Bows
   917 | D:2      | Reached skill level 1 in Crossbows
   917 | D:2      | Reached skill level 1 in Stealth
   917 | D:2      | Reached skill level 1 in Shields
   917 | D:2      | Reached skill level 1 in Unarmed Combat
   917 | D:2      | Reached skill level 1 in Spellcasting
   917 | D:2      | Reached skill level 1 in Evocations
  1054 | D:2      | Reached XP level 4. HP: 38/38 MP: 5/5
  1466 | D:2      | Reached skill level 1 in Conjurations
  1466 | D:2      | Reached skill level 1 in Hexes
  1466 | D:2      | Reached skill level 1 in Charms
  1466 | D:2      | Reached skill level 1 in Summonings
  1466 | D:2      | Reached skill level 1 in Necromancy
  1466 | D:2      | Reached skill level 1 in Translocations
  1466 | D:2      | Reached skill level 1 in Transmutations
  1466 | D:2      | Reached skill level 1 in Fire Magic
  1466 | D:2      | Reached skill level 1 in Ice Magic
  1466 | D:2      | Reached skill level 1 in Air Magic
  1466 | D:2      | Reached skill level 1 in Earth Magic
  1466 | D:2      | Reached skill level 1 in Poison Magic
  1466 | D:2      | Reached XP level 5. HP: 42/43 MP: 6/6
  1791 | D:3      | Noticed Robin
  2116 | D:3      | Killed Robin
  2204 | D:3      | Found a blossoming altar of Fedhas.
  2291 | D:3      | Reached XP level 6. HP: 50/50 MP: 8/8
  2409 | D:3      | Noticed a moth of wrath
  2412 | D:3      | Found a bloodstained altar of Trog.
  2811 | D:4      | Reached skill level 5 in Fighting
  2811 | D:4      | Reached skill level 5 in Staves
  2811 | D:4      | Reached skill level 5 in Throwing
  2811 | D:4      | Reached skill level 5 in Armour
  2811 | D:4      | Reached skill level 5 in Dodging
  3828 | D:4      | Reached XP level 7. HP: 41/56 MP: 10/10
  3874 | D:5      | Entered Level 5 of the Dungeon
  4346 | D:4      | Found a hide-covered altar of Uskayaw.
  5584 | D:5      | Found a sparkling altar of Nemelex Xobeh.
  5596 | D:5      | Found a basalt altar of Yredelemnul.
  5803 | D:5      | Reached XP level 8. HP: 47/63 MP: 12/12
  6177 | D:6      | Noticed Prince Ribbit
  6197 | D:5      | Killed Prince Ribbit
  6415 | D:6      | Noticed Menkaure
  6658 | D:5      | Killed Menkaure
  6828 | D:6      | Found a shadowy altar of Dithmenos.
  6962 | D:6      | Reached XP level 9. HP: 64/69 MP: 14/14
  7559 | D:7      | You fall into a shaft and drop 2 floors!
  7587 | D:8      | Noticed a two-headed ogre
  7622 | D:8      | Found a sand-covered staircase.
  7627 | Ossuary  | Entered an ossuary
  8246 | D:8      | Found a glowing golden altar of the Shining One.
  8478 | D:7      | Found a staircase to the Ecumenical Temple.
  8546 | Temple   | Entered the Ecumenical Temple
  8767 | Temple   | Became a worshipper of Warmaster Okawaru
  9157 | D:8      | Killed a two-headed ogre
  9157 | D:8      | Reached * piety under Okawaru
  9157 | D:8      | Reached skill level 5 in Invocations
  9157 | D:8      | Reached XP level 10. HP: 77/77 MP: 15/17
  9399 | D:8      | Reached skill level 5 in Short Blades
  9399 | D:8      | Reached skill level 5 in Long Blades
  9399 | D:8      | Reached skill level 5 in Axes
  9399 | D:8      | Reached skill level 5 in Maces & Flails
  9399 | D:8      | Reached skill level 5 in Polearms
  9399 | D:8      | Reached skill level 5 in Slings
  9399 | D:8      | Reached skill level 5 in Bows
  9399 | D:8      | Reached skill level 5 in Crossbows
  9399 | D:8      | Reached skill level 5 in Stealth
  9399 | D:8      | Reached skill level 5 in Shields
  9399 | D:8      | Reached skill level 5 in Unarmed Combat
  9399 | D:8      | Reached skill level 5 in Spellcasting
  9399 | D:8      | Reached skill level 5 in Evocations
  9414 | D:8      | Reached ** piety under Okawaru
  9427 | D:8      | Found a viscous altar of Jiyva.
  9639 | D:8      | Found a glowing silver altar of Zin.
  9885 | D:9      | Found a staircase to the Lair.
 10108 | D:9      | Found a shattered altar of Ashenzari.
 10177 | D:9      | Found an ancient bone altar of Kikubaaqudgha.
 10337 | D:9      | Found a white marble altar of Elyvilon.
 10541 | D:10     | Entered Level 10 of the Dungeon
 11146 | D:10     | Reached *** piety under Okawaru
 12017 | D:11     | Found a flagged portal.
 12059 | D:11     | Slain by a wight

Levels and vault maps discovered:
D:1:      grunt_arrival_crossed_arrows, layout_basic, minmay_tromino_v4_a
D:2:      layout_basic
D:3:      layout_rooms, lemuel_round_altar, tgw_trog, uniq_robin
D:4:      layout_loops_corners, kennysheep_little_box, first_ration,
          kennysheep_generic_room_14
D:5:      layout_loops_corners, minitemple
D:6:      layout_rooms, nicolae_dithmenos_through_a_glass_darkly,
          minmay_starry_boxes, uniq_prince_ribbit1, uniq_menkaure
D:7:      layout_gridville, minmay_temple_entry_junction
D:8:      layout_rooms, old_standard_altar, marbit_many_paths, enter_ossuary_2,
          jiyva_altar_1
D:9:      layout_loops_ring, nicolae_overflow_hidden_temple, lair_entry_dummy,
          serial_rivers, chequers_serial_rivers_micro_e,
          chequers_serial_rivers_room_a, chequers_serial_rivers_large_a,
          chequers_serial_rivers_micro_c
D:10:     layout_basic
D:11:     layout_loops_corners, enter_bailey_2, nicolae_trove_entry_crystal,
          uniq_psyche
Temple:   dpeg_chambers_temple

Skill      XL: |  1  2  3  4  5  6  7  8  9 10 |
---------------+-------------------------------+-----
Invocations    | 1 2 3 4 5 6 |  6.2
Short Blades   | 1 2 3 4 5 |  5.6
Long Blades    | 1 2 3 4 5 |  5.6
Axes           | 1 2 3 4 5 |  5.6
Maces & Flails | 1 2 3 4 5 |  5.6
Polearms       | 1 2 3 4 5 |  5.6
Slings         | 1 2 3 4 5 |  5.6
Bows           | 1 2 3 4 5 |  5.6
Crossbows      | 1 2 3 4 5 |  5.6
Stealth        | 1 2 3 4 5 |  5.6
Shields        | 1 2 3 4 5 |  5.6
Unarmed Combat | 1 2 3 4 5 |  5.6
Spellcasting   | 1 2 3 4 5 |  5.6
Evocations     | 1 2 3 4 5 |  5.6
Conjurations   | 1 2 3 4 |  4.6
Hexes          | 1 2 3 4 |  4.6
Charms         | 1 2 3 4 |  4.6
Summonings     | 1 2 3 4 |  4.6
Necromancy     | 1 2 3 4 |  4.6
Translocations | 1 2 3 4 |  4.6
Transmutations | 1 2 3 4 |  4.6
Fire Magic     | 1 2 3 4 |  4.6
Ice Magic      | 1 2 3 4 |  4.6
Air Magic      | 1 2 3 4 |  4.6
Earth Magic    | 1 2 3 4 |  4.6
Poison Magic   | 1 2 3 4 |  4.6
Fighting       | 5 6 7 |  7.3
Staves         | 5 6 7 |  7.3
Throwing       | 5 6 7 |  7.3
Armour         | 5 6 7 |  7.3
Dodging        | 5 6 7 |  7.3

Action                   |  1- 3 |  4- 6 |  7- 9 | 10-12 || total
-------------------------+-------+-------+-------+-------++-------
Melee: Quarterstaff      |   100 |   202 |       |       ||   302
       Bite              |     5 |    32 |    82 |    83 ||   202
       Long sword        |       |   108 |    89 |       ||   197
       Spear             |       |       |   622 |   567 ||  1189
       Punch             |       |       |     3 |     5 ||     8
       Scimitar          |       |       |       |    30 ||    30
 Fire: Hunting sling     |       |       |     4 |       ||     4
Throw: Boomerang         |       |       |     1 |       ||     1
       Dart              |       |       |     5 |       ||     5
Invok: Heroism           |       |       |       |     1 ||     1
 Abil: Evoke Berserk Rag |       |     2 |     8 |     1 ||    11
  Use: Potion            |       |       |     6 |     3 ||     9
       Scroll            |       |       |     1 |    13 ||    14
 Stab: Sleeping          |     3 |     2 |     7 |     8 ||    20
       Distracted        |       |     1 |     2 |     2 ||     5
       Invisible         |       |       |     3 |       ||     3
  Eat: Chunk             |     1 |    11 |    17 |    14 ||    43
       Ration            |       |       |     2 |       ||     2
Armor: Leather armour    |    34 |    72 |   188 |   148 ||   442
Dodge: Dodged            |    82 |   285 |   482 |   281 ||  1130
Block: Shield            |       |       |       |   140 ||   140
       Rpst.: Long sword |       |    34 |    33 |       ||    67
       Scimitar          |       |       |       |     4 ||     4

Table legend:
 A = Non-vault XP
 B = Vault XP
 C = Vault XP percentage of total XP
 D = Non-vault monster count
 E = Vault monster count
 F = Vault count percentage of total count
                 A         B        C        D         E       F
            +---------+---------+-------+---------+---------+-------
      Total |    7797 |    1195 |  13.3 |     253 |      77 |  23.3
            +---------+---------+-------+---------+---------+-------
        D:1 |      25 |       5 |  16.7 |      14 |       2 |  12.5
        D:2 |     152 |       0 |   0.0 |      34 |       0 |   0.0
        D:3 |     197 |      53 |  21.2 |      36 |      16 |  30.8
        D:4 |     378 |     129 |  25.4 |      25 |       1 |   3.8
        D:5 |     538 |     448 |  45.4 |      24 |       2 |   7.7
        D:6 |     493 |     117 |  19.2 |      17 |       2 |  10.5
        D:7 |    1060 |       0 |   0.0 |      23 |       0 |   0.0
        D:8 |    1937 |     324 |  14.3 |      31 |       4 |  11.4
        D:9 |     519 |       0 |   0.0 |      11 |       0 |   0.0
       D:10 |    1587 |       0 |   0.0 |      25 |       0 |   0.0
       D:11 |     911 |       0 |   0.0 |      13 |       0 |   0.0
    Ossuary |       0 |     119 | 100.0 |       0 |      50 | 100.0
            +---------+---------+-------+---------+---------+-------
